Map: Clair de lune fanatique EC (Void)

Players

KangooJR - Winner!

  • Race: Zerg Zerg
  • League: Grandmaster

ZergaTools - Winner!

  • Race: Zerg Zerg
  • League: Grandmaster

Asch

  • Race: Protoss Protoss
  • League: Grandmaster

ShaderMatrix

  • Race: Protoss Protoss
  • League: Grandmaster

VOD

Have the link to the VOD?

Description

http://eu.battle.net/sc2/fr/forum/topic/15161828163

Time

  • Played on: Aug. 8, 2015, 9:01 a.m.
  • Length: 3:46
Show
View Real Time Build Order
Export as new Build Order

KangooJR Zerg - Winner!

Build Orders: Pool First 

Get SALT Encoding   

  12  0:01  Drone  
  13  0:08  Drone  
  13  0:13  Extractor  
  13  0:18  Overlord  
  13  0:24  Drone  
  14  0:37  Drone x2  
  16  0:53  Spawning Pool  
  16  0:57  Drone  
  16  1:01  Drone  
  17  1:06  Drone  
  18  1:13  Pneumatized Carapace  
  18  1:18  Drone  
  19  1:27  Overlord  
  19  1:43  Zergling x2  
  19  1:44  Baneling Nest  
  19  1:50  Zergling x2  
  20  2:07  Hatchery, Drone  
  20  2:19  Queen  
  22  2:31  Baneling x2  
  22  2:32  Baneling x2  
  22  2:33  Drone  
  23  2:45  Zergling x4  
  23  2:46  Zergling x2  
  26  3:01  Drone  
  26  3:19  Drone  
  27  3:20  Drone  
  27  3:31  Drone  
  27  3:32  Drone x4  
Show
View Real Time Build Order
Export as new Build Order

ZergaTools Zerg - Winner!

Build Orders:  

Get SALT Encoding   

  12  0:01  Probe  
  13  0:20  Pylon  
  13  0:23  Probe  
  14  0:34  Probe  
  14  0:41  Gateway  
  15  0:44  Probe  
  16  0:50  Assimilator  
  16  0:56  Probe  
  17  1:05  Gateway  
  17  1:07  Pylon  
  17  1:09  Probe  
  18  1:21  Probe  
  19  1:29  Cybernetics Core  
  19  1:33  Zealot  
  21  1:52  Pylon  
  21  1:54  Probe  
  22  2:05  Stalker  
  22  2:07  Stalker  
  26  2:20  Gateway  
  26  2:32  Forge  
  26  2:53  Nexus  
  26  3:07  Pylon  
Show
View Real Time Build Order
Export as new Build Order

Asch Protoss 

Build Orders:  

Get SALT Encoding   

Show
View Real Time Build Order
Export as new Build Order

ShaderMatrix Protoss 

Build Orders:  

Get SALT Encoding   

Tags
 
Add a new tag
Caveats
  • Supply blocks, unpowered buildings, or Contaminate may cause inaccurate times.
  • Supply counts are checked every 10 seconds.